 Dungeon Crawl Stone Soup version 0.29-a0-275-g389c0b56f3 (webtiles) character file.

Game seed: 1130250813353700063

23 jmlagarto the Magician (level 2, -1/34 HPs)
             Began as a Hill Orc Wanderer on Mar 11, 2022.
             Succumbed to an adder's poison
             ... on level 1 of the Dungeon.
             The game lasted 00:03:04 (1345 turns).

jmlagarto the Magician (Hill Orc Wanderer)          Turns: 1345, Time: 00:03:04

Health: -1/34      AC: 21    Str: 15    XL:     2   Next: 95%
Magic:  5/6        EV:  2    Int: 11    God:
Gold:   24         SH:  0    Dex: 10    Spells: 6/7 levels left

rFire   . . .      SeeInvis .   k - +0 mace
rCold   . . .      Faith    .   (no shield)
rNeg    . . .      Spirit   .   (body armour currently unavailable)
rPois   +          Reflect  .   (helmet currently unavailable)
rElec   .          Harm     .   (cloak currently unavailable)
rCorr   .          Rampage  .   (gloves currently unavailable)
Will    .....      NoTele   +   (boots currently unavailable)
Stlth   +.........              (no amulet)
HPRegen 0.11/turn               a - ring of poison resistance
MPRegen 0.10/turn               (no ring)

@: lethally poisoned (-1 -> -9), tree-form
A: stationary, stasis, torment immunity, boosted hp
a: no special abilities


You were on level 1 of the Dungeon.
You were a tree.
You visited 1 branch of the dungeon, and saw 2 of its levels.

You collected 24 gold pieces.

Inventory:

Hand Weapons
 k - a +0 mace (weapon)
Armour
 b - a +0 pair of boots (melded)
 d - a +0 leather armour (melded)
Jewellery
 a - a ring of poison resistance (left branch)
Scrolls
 c - a scroll of blinking
 f - 2 scrolls of identify {unknown}
 g - a scroll of fog {unknown}
 h - 2 scrolls of teleportation {unknown}
 i - a scroll of immolation {unknown}
 j - a scroll of summoning {unknown}
Potions
 e - a potion of lignification
 l - 2 potions of curing {unknown}


   Skills:
 + Level 1.6 Fighting
 + Level 1.5 Armour
 + Level 1.1 Dodging
 + Level 1.2 Stealth
 + Level 1.3 Unarmed Combat
 + Level 3.4 Spellcasting
 + Level 0.7 Conjurations


You had 6 spell levels left.
You knew the following spells:

 Your Spells              Type           Power      Damage    Failure   Level
a - Shock                 Conj/Air       8%         1d3       22%         1

Your spell library contained the following spells:

 Spells                   Type           Power      Damage    Failure   Level
 Corpse Rot               Necr/Air       2%         N/A       36%         2
 Ozocubu's Armour         Ice            1%         N/A       58%         3
 Portal Projectile        Hex/Tloc       2%         N/A       58%         3
 Tukima's Dance           Hex            1%         N/A       58%         3
 Dispel Undead            Necr           1%         3d6       94%         4
 Death Channel            Necr           0%         N/A       100%        6


Dungeon Overview and Level Annotations

Branches:
Dungeon (2/15)

Altars:


Message History

The giant cockroach bites you but does no damage.
The adder bites you but does no damage. The giant cockroach bites you.
You closely miss the adder. The adder bites you.
The giant cockroach bites you but does no damage.
The adder misses you.
You miss the adder. The adder bites you but does no damage.
The giant cockroach bites you but does no damage.
The adder closely misses you.
The giant cockroach waves its antennae.
The giant cockroach misses you.
You hit the adder but do no damage. The adder misses you.
The giant cockroach bites you. The adder bites you.
The giant cockroach closely misses you.
You barely miss the adder. The adder bites you.
The giant cockroach bites you but does no damage.
The adder bites you.
You barely miss the adder.
The giant cockroach bites you but does no damage.
The adder bites you.
You are poisoned.
The adder poisons you! The giant cockroach closely misses you.
You miss the adder.
You feel sick. The adder barely misses you.
The giant cockroach bites you but does no damage.
The adder bites you.
* * * LOW HITPOINT WARNING * * *
You are more poisoned.
The adder poisons you! The giant cockroach closely misses you.
Really quaff the potion of lignification? [Y]es or [N]o only, please.
Really quaff the potion of lignification?
You turn into a tree.
Your +0 pair of boots melds into your body.
Your +0 leather armour melds into your body.
Your roots penetrate the ground.
* * * LOW HITPOINT WARNING * * *
You feel sick. The adder bites you but does no damage.
The giant cockroach bites you but does no damage.
The adder bites you but does no damage.
You barely miss the adder.
You die...

..########## #.' ######.....##
###### #.# # #(...###..#####....#
#.#
###.#######..........##########.#
#...#..........#................#
#.###.###....................####
..###.# #....................#
##....# #.......S..##........#
...#### ##.....(♣..##........#
#### #......B.#.##........#
#.......##..##########
#########...)...###..###
................# ##...#
.#######.......## ###.# ##
#####.##...#### #.#
####.....##......# ###
.....######......#


You could see an adder and a giant cockroach.

Vanquished Creatures
  A dart slug (D:1)
  4 bats (D:1)
  An endoplasm (D:1)
  2 giant cockroaches (D:1)
  A hobgoblin (D:1)
  A jackal (D:1)
  2 kobolds (D:1)
  A quokka (D:1)
  2 ball pythons (D:1)
  6 rats (D:1)
21 creatures vanquished.

Notes
Turn   | Place    | Note
-------+----------+-------------------------------------------
     0 | D:1      | jmlagarto the Hill Orc Wanderer began the quest for the
                  | Orb.
     0 | D:1      | jmlagarto set off with the following items: a +0 club, a +0
                  | pair of boots, a scroll of blinking, a +0 leather armour, a
                  | potion of lignification; and the following spell memorised:
                  | Shock; and the following spells available to memorise:
                  | Ozocubu's Armour, Portal Projectile, Tukima's Dance
     0 | D:1      | Reached XP level 1. HP: 16/16 MP: 4/4
   303 | D:1      | Reached XP level 2. HP: 23/23 MP: 1/6
  1345 | D:1      | Succumbed to an adder's poison

Illustrated notes

Levels and vault maps discovered:
D:1:      kennysheep_arrival_seaside, layout_rooms, interstate_on_off,
          minmay_pentomino_o2
D:2:      minmay_door_path, layout_rooms, serial_glass, glass_columns_c,
          glass_columns_a, glass_columns_b, glass_columns_a, feat_on_display,
          item_on_display_a, uniq_crazy_yiuf_cottage

Action                   || total
-------------------------++-------
Melee: Club              ||    30
       Mace              ||    16
 Cast: Shock             ||    38
  Use: Potion            ||     1
Armor: Leather armour    ||    24
       Skin              ||     3
Dodge: Dodged            ||    42

Table legend: (Time is in decaauts)
 A = Elapsed time spent in this place.
 B = Non-inter-level travel time spent in this place.
 C = Inter-level travel time spent in this place.
 D = Time resting spent in this place.
 E = Time spent auto-exploring this place.
 F = Levels seen in this place.
 G = Mean time per level.
                   A        B        C        D        E       F      G
               +--------+--------+--------+--------+--------+-----+--------+
         Total |   1359 |   1320 |     39 |      0 |   1146 |   2 |  679.5 |
       Dungeon |   1359 |   1320 |     39 |      0 |   1146 |   2 |  679.5 |
               +--------+--------+--------+--------+--------+-----+--------+

Top non-repeatable levels by time:
     D:1: 1354 daAuts
     D:2: 5 daAuts
